cohdb
Replays
Latest Replays
All Replays
Popular Replays
Top Player Replays
Match Explorer
How It Works
Community
CoH3 Stats
Reddit
Sign in to upload your games and track your stats! →
Sign in with Steam
Match 45413855
Unlisted
Match 45413855
Overview
Messages
Build Orders
End
Scout Squad
Scout Squad
Selects Advanced Infantry Battlegroup
Scout Squad
Construct Barracks
Riflemen Squad
Riflemen Squad
Construct Medical Station
Selects Ammunition Storage
Selects Artillery Observers
Infantry Support Center
Grenade Package
Construct Motor Pool
M8 Greyhound Armored Car
Selects M2A1 105mm Howitzer Emplacement
Selects Free Fire Drills
Engineer Squad
M24 Chaffee Light Tank
Barbarossa
UMirinBrah?
0
0
Comments
sign in to comment!
No comments posted yet!